 Dungeon Crawl Stone Soup version 0.23.2-1-ga50397a6bc (webtiles) character file.

Game seed: 834596084164691144

128 Freyura the Cudgeler (level 4, -1/34 HPs)
             Began as a Demonspawn Gladiator on May 2, 2019.
             Killed from afar by an orc wizard (9 damage)
             ... with a magic dart
             ... on level 3 of the Dungeon.
             The game lasted 00:06:23 (2589 turns).

Freyura the Cudgeler (Demonspawn Gladiator)         Turns: 2589, Time: 00:06:23

Health: -1/34      AC:  4    Str: 17    XL:     4   Next: 86%
Magic:  4/4        EV: 12    Int:  9    God:
Gold:   75         SH:  0    Dex: 16    Spells: 3/3 levels left

rFire    . . .     SeeInvis .   a - +1 flail
rCold    . . .     Gourm    .   (no shield)
rNeg     . . .     Faith    .   b - +0 leather armour
rPois    .         Spirit   .   c - +0 helmet
rElec    .         Reflect  .   (no cloak)
rCorr    +         Harm     .   (no gloves)
MR       .....                  (no boots)
Stlth    +.........             s - amulet of regeneration
HPRegen  0.51/turn              m - ring of resist corrosion
MPRegen  0.09/turn              q - +3 ring of strength

@: slowed, heavily drained, very slow
A: foul stench 1, rot immunity
a: no special abilities


You were on level 3 of the Dungeon.
You were hungry.

You visited 1 branch of the dungeon, and saw 3 of its levels.

You collected 75 gold pieces.

Inventory:

Hand Weapons
 a - a +1 flail (weapon)
Missiles
 d - 3 throwing nets (quivered)
Armour
 b - a +0 leather armour (worn)
 c - a +0 helmet (worn)
Jewellery
 m - a ring of resist corrosion (left hand)
 q - a +3 ring of strength (right hand)
 r - an uncursed amulet of magic regeneration {unknown}
 s - an amulet of regeneration (around neck)
Scrolls
 j - a scroll of identify
 l - 2 scrolls of blinking
 o - a scroll of magic mapping
 p - a scroll of teleportation
Potions
 e - 2 potions of brilliance {unknown}
 g - a potion of berserk rage {unknown}
 h - a potion of might {unknown}
 i - 3 potions of heal wounds {unknown}
 k - a potion of resistance {unknown}
 n - a potion of degeneration {unknown}
 u - a potion of curing {unknown}
Comestibles
 f - 4 rations
 t - 2 chunks of flesh


   Skills:
 + Level 2.7(1.1) Fighting
 * Level 3.8(2.2) Maces & Flails
 - Level 1.8(0.3) Throwing
 + Level 1.4(0.0) Armour
 + Level 3.4(1.8) Dodging


You had 3 spell levels left.
You didn't know any spells.
Your spell library was empty.

Dungeon Overview and Level Annotations

Branches:
Dungeon (3/15)

Altars:
Okawaru


Innate Abilities, Weirdness & Mutations

You may emit foul miasma when damaged in melee.
You are immune to rotting.


Message History

The orc wizard blinks!
The orc wizard casts a spell.
The orc wizard blinks!
Things that are here:
a +0 scale mail; an orc corpse You see here a viscous emerald potion.
The orc wizard casts a spell.
The orc wizard blinks!
The orc wizard gestures at you while chanting.
The magic dart hits you! The orc wizard casts a spell at you.
The magic dart hits you.
* * * LOW HITPOINT WARNING * * *
You see here a viscous emerald potion.
u - a viscous emerald potion The orc wizard casts a spell.
The orc wizard blinks!
The orc wizard gestures at you while chanting.
The magic dart hits you!
You die...

#.##### #.#...###
###.#....> ...#...#
#.##.#
##.########..o.########
.......)[...<...†......
.###...)@......########
.....######..§#######
.... #.......... .##
#...####### #.####..##
#.......# ##########..#
.......)....#
###########.#


You could see an orc wizard.

Vanquished Creatures
  An orc priest (D:3)
  3 adders (D:2)
  An ooze (D:2)
  A worm (D:2)
  3 leopard geckos
  3 orcs (D:3)
  3 ball pythons
  A giant cockroach (D:2)
  9 goblins
  6 hobgoblins
  2 jackals (D:1)
  A quokka (D:2)
  3 bats
  3 frilled lizards
  7 kobolds
  13 rats
60 creatures vanquished.

Notes
Turn   | Place    | Note
-------+----------+-------------------------------------------
     0 | D:1      | Freyura the Demonspawn Gladiator began the quest for the
                  | Orb.
     0 | D:1      | Reached XP level 1. HP: 16/16 MP: 1/1
   192 | D:1      | Gained mutation: You are immune to rotting. [demonic
                  | ancestry]
   192 | D:1      | Reached XP level 2. HP: 9/22 MP: 2/2
   373 | D:1      | Found an iron altar of Okawaru.
  1168 | D:1      | Reached XP level 3. HP: 19/27 MP: 3/3
  1935 | D:2      | Reached skill level 1 in Armour
  2136 | D:2      | Gained mutation: You may emit foul miasma when damaged in
                  | melee. [demonic ancestry]
  2136 | D:2      | Reached XP level 4. HP: 28/34 MP: 4/4
  2589 | D:3      | Killed from afar by an orc wizard

Skill      XL: |  1  2  3 |
---------------+----------+-----
Maces & Flails | 3 |  3.8
Dodging        | 3 |  3.4
Armour         | 1 |  1.4
Fighting       | |  2.7
Throwing       | |  1.8

Action                   |  1- 3 |  4- 6 || total
-------------------------+-------+-------++-------
Melee: Flail             |   153 |    40 ||   193
  Use: Scroll            |     6 |       ||     6
 Stab: Sleeping          |     1 |       ||     1
  Eat: Chunk             |     4 |     1 ||     5
Armor: Leather armour    |    31 |    11 ||    42
Dodge: Dodged            |   123 |    23 ||   146
